AoeStats
← [HOBO]Drifter

Arena

510425312Analyzed
4v4 RM · 1d ago on Oct 1, 2026· 44m 25s· 8 players
Game mode
Random Map
Map size
Large (8 player)
Population
200
Speed
Normal
Resources
Standard
Victory
Conquest
Starting age
Dark Age
Ending age
Imperial Age
RankedLock teamsTeams togetherTeam positionsShared explorationLock speedFull tech treeHidden civsTurbo modeCheats
Victory
Defeat
🇺🇸 Gurjaras · United States
1364
+17
🇺🇸 Vietnamese · United States
1347
+17
🇨🇳 Slavs · China
1336
+18
🇨🇭 Inca · Switzerland
1319
+19
🇺🇾 Italians · Uruguay
1418
-19
🇺🇾 Saxons · Uruguay
1400
-19
🇲🇽 Portuguese · Mexico
1392
-18
🇦🇷 Byzantines · Argentina
1306
-15
[HOBO]Drifter
11:12 Feudal Age
15:23 Castle Age
13:23 Double-Bit Axe
13:45 Horse Collar
16:23 Bow Saw
25:16 Wheelbarrow
25:19 Heavy Plow
29:51 Imperial Age
28:34 Hand Cart
29:27 Bloodlines
29:17 Husbandry
29:54 Gold Mining
31:37 Chemistry
32:09 Fortified Wall
32:09 Masonry
32:25 Cavalier
33:59 Block Printing
34:28 Hand Cart
33:58 Loom
35:48 Siege Engineers
42:25 Light Cavalry
43:30 Fletching
ink55
11:01 Feudal Age
10:06 Loom
15:37 Castle Age
13:53 Double-Bit Axe
14:29 Stone Mining
15:09 Horse Collar
20:38 Forging
21:23 Fletching
24:05 Scale Mail Armor
24:58 Squires
26:04 Bodkin Arrow
28:09 Padded Archer Armor
29:22 Chain Mail Armor
31:11 Gold Mining
32:07 Wheelbarrow
32:11 Bow Saw
32:58 Heavy Plow
34:08 Ballistics
34:48 Thumb Ring
38:08 Imperial Age
36:26 Andean Sling
36:45 Leather Archer Armor
37:27 Gold Shaft Mining
38:30 Iron Casting
38:52 Hand Cart
38:23 Town Watch
38:55 Bracer
39:18 Conscription
40:16 Chemistry
40:45 Stone Shaft Mining
41:21 Blast Furnace
40:45 Arson
41:34 Elite Kamayuk
43:40 Plate Mail Armor
44:07 Ring Archer Armor
Ozz
10:41 Feudal Age
14:28 Castle Age
12:18 Double-Bit Axe
12:53 Horse Collar
15:43 Bow Saw
17:03 Loom
22:09 Stone Mining
23:41 Wheelbarrow
23:29 Heavy Plow
23:21 Town Watch
28:17 Imperial Age
26:06 Gold Mining
26:16 Arson
26:32 Scale Mail Armor
26:43 Forging
27:39 Gold Shaft Mining
27:33 Scale Barding Armor
27:53 Chain Mail Armor
27:56 Hand Cart
28:27 Bloodlines
28:17 Husbandry
28:43 Chain Barding Armor
27:55 Light Cavalry
28:48 Heavy Camel Rider
30:42 Forging
33:11 Plate Barding Armor
33:13 Iron Casting
33:08 Chain Mail Armor
37:04 Kshatriyas
37:30 Conscription
36:35 Elite Chakram Thrower
37:53 Plate Mail Armor
38:18 Fletching
37:55 Hussar
40:27 Crop Rotation
39:49 Siege Elephant
40:54 Ballistics
42:04 Frontier Guards
V我50%匡扶汉室
11:55 Feudal Age
13:26 Double-Bit Axe
16:02 Castle Age
17:05 Bow Saw
16:37 Horse Collar
18:04 Heavy Plow
22:13 Gold Mining
25:49 Scale Barding Armor
27:25 Chain Barding Armor
29:29 Gold Shaft Mining
32:27 Imperial Age
30:34 Wheelbarrow
30:21 Bloodlines
30:27 Husbandry
32:19 Hand Cart
32:24 Forging
32:57 Stone Mining
32:36 Elite Boyar
33:37 Conscription
33:21 Detinets
32:48 Capped Ram
33:04 Heavy Scorpion
34:50 Plate Barding Armor
34:54 Iron Casting
38:39 Coinage
40:48 Blast Furnace
GRAN KHAN
10:34 Feudal Age
15:38 Castle Age
14:04 Double-Bit Axe
14:15 Horse Collar
21:31 Gold Mining
23:57 Wheelbarrow
24:48 Loom
28:27 Imperial Age
26:14 Hand Cart
27:13 Forging
27:09 Scale Barding Armor
28:32 Iron Casting
28:18 Bow Saw
29:06 Bloodlines
28:56 Husbandry
29:21 Chain Barding Armor
29:34 Conscription
30:17 Pikeman
32:03 Blast Furnace
31:09 Scale Mail Armor
32:41 Plate Barding Armor
33:34 Two-Man Saw
32:17 Halberdier
34:08 Chain Mail Armor
34:04 Arson
34:29 Capped Ram
37:14 Chemistry
35:55 Treadmill Crane
38:24 Plate Mail Armor
39:15 Heated Shot
39:49 Ballistics
39:10 Cavalier
EMALI
10:34 Feudal Age
15:28 Castle Age
16:05 Loom
16:36 Double-Bit Axe
23:45 Imperial Age
28:14 Wheelbarrow
28:31 Block Printing
29:27 Redemption
34:43 Fletching
34:20 Crossbowman
35:33 Bodkin Arrow
35:41 Man-at-Arms
35:45 Arbalester
37:50 Bracer
38:55 Ballistics
40:24 Chemistry
DavidTG
11:04 Feudal Age
17:22 Double-Bit Axe
29:09 Castle Age
27:45 Wheelbarrow
27:08 Horse Collar
28:24 Gold Mining
30:21 Stone Mining
33:16 Wheelbarrow
33:37 Stone Shaft Mining
33:07 Loom
33:11 Town Watch
37:14 Imperial Age
35:02 Hand Cart
36:23 Fletching
36:51 Padded Archer Armor
37:14 Ballistics
38:39 Bodkin Arrow
39:52 Chemistry
40:54 Bracer
42:37 Conscription
43:09 Leather Archer Armor
42:41 Elite Genoese Crossbowman
44:33 Ring Archer Armor
Lautreamont
11:45 Feudal Age
12:59 Horse Collar
13:06 Double-Bit Axe
15:36 Castle Age
15:59 Loom
15:59 Town Watch
16:40 Bow Saw
16:22 Gold Mining
19:41 Imperial Age
19:58 Squires
19:52 Onager
33:40 Forging
33:31 Scale Mail Armor
35:00 Wheelbarrow
34:11 Loom
34:26 Loom
36:27 Hand Cart
36:28 Hand Cart
36:33 Chain Mail Armor
36:54 Iron Casting
36:39 Gambesons
36:40 Arson
36:15 Elite Varangian Guard
37:29 Pikeman
39:34 Plate Mail Armor
39:13 Stone Mining
39:19 Halberdier
Connection lost

Rejoining the realm…

Still unreachable

The connection could not be restored.

Session expired

The server has moved on; the page needs a fresh start.